 Dungeon Crawl Stone Soup version 0.21-a0-625-g1119ec1 (webtiles) character file.

182 tidbits the Magician (level 5, -8/41 HPs)
             Began as a Gnoll Wanderer on Dec 24, 2017.
             Mangled by an ogre
             ... wielding a +0 giant club
              (22 damage)
             ... on level 3 of the Dungeon.
             The game lasted 00:04:45 (420 turns).

tidbits the Magician (Gnoll Wanderer)                Turns: 420, Time: 00:04:46

Health: -8/41      AC:  7    Str: 16    XL:     5   Next: 61%
Magic:  5/12       EV: 12    Int: 15    God:
Gold:   56         SH:  0    Dex: 13    Spells: 7/14 levels left

rFire    . . .     SeeInvis .   k - +0 hunting sling
rCold    . . .     Gourm    .   (no shield)
rNeg     . . .     Faith    .   d - +0 robe
rPois    .         Spirit   .   (no helmet)
rElec    .         Reflect  .   (no cloak)
rCorr    .         Harm     .   (no gloves)
MR       .....                  (no boots)
Stlth    ++........             (no amulet)
HPRegen  0.13/turn              Y - +5 ring of protection
MPRegen  0.13/turn              j - ring of loudness (curse)

@: very slightly contaminated
A: distributed training, fangs 1, strong nose
a: no special abilities


You were on level 3 of the Dungeon.
You were not hungry.

You visited 1 branch of the dungeon, and saw 3 of its levels.

You collected 56 gold pieces.

Inventory:

Hand Weapons
 a - a +0 dagger
 b - a +0 scythe
 e - a +0 club
 h - a +1 dagger of distortion
   (You took it off a goblin on level 2 of the Dungeon)
 k - a +0 hunting sling (weapon)
Missiles
 l - 33 stones (quivered)
Armour
 d - a +0 robe (worn)
 i - a +0 large shield
Jewellery
 j - a cursed ring of loudness (right hand)
   (You found it on level 2 of the Dungeon)
 Y - a +5 ring of protection (left hand)
   (You found it on level 1 of the Dungeon)
Scrolls
 m - a scroll of remove curse
 n - a scroll of immolation
Potions
 g - a potion of curing
Books
 f - a book of Minor Magic

   Spells                             Type                      Level
   a - Magic Dart                     Conjuration                  1
   b - Blink                          Translocation                2
   c - Call Imp                       Summoning                    2
   d - Slow                           Hexes                        2
   e - Conjure Flame                  Conjuration/Fire             3
   f - Mephitic Cloud                 Conjuration/Poison/Air       3
Comestibles
 c - 3 rations


   Skills:
 + Level 3.0 Fighting
 + Level 4.8 Short Blades
 + Level 1.5 Long Blades
 + Level 1.5 Axes
 + Level 1.5 Maces & Flails
 + Level 1.5 Polearms
 + Level 1.5 Staves
 + Level 1.5 Slings
 + Level 1.5 Bows
 + Level 1.5 Crossbows
 + Level 3.0 Throwing
 + Level 1.5 Armour
 + Level 1.5 Dodging
 + Level 4.4 Stealth
 + Level 1.5 Shields
 + Level 1.5 Unarmed Combat
 + Level 5.2 Spellcasting
 + Level 1.2 Conjurations
 + Level 1.2 Hexes
 + Level 2.4 Charms
 + Level 1.2 Summonings
 + Level 1.2 Necromancy
 + Level 1.2 Translocations
 + Level 1.2 Transmutations
 + Level 1.2 Fire Magic
 + Level 1.2 Ice Magic
 + Level 1.2 Air Magic
 + Level 1.2 Earth Magic
 + Level 1.2 Poison Magic
 + Level 1.7 Invocations
 + Level 3.0 Evocations


You had 7 spell levels left.
You knew the following spells:

 Your Spells              Type           Power        Failure   Level  Hunger
a - Magic Dart            Conj           #...         10%         1    None
b - Blink                 Tloc           N/A          14%         2    ##.....
i - Call Imp              Summ           #.......     14%         2    ##.....
o - Slow                  Hex            #.......     14%         2    ##.....


Dungeon Overview and Level Annotations

Branches:
Dungeon (3/15)

Altars:


Innate Abilities, Weirdness & Mutations

Your experience applies equally to all skills.
You have very sharp teeth.
Your uncanny sense of smell can sniff out nearby items.


Message History

Aiming: Magic Dart
Press: ? - help, Shift-Dir - straight line, f/p - ooze
Aim: an ooze The magic dart hits the ooze.
The ooze is lightly wounded.
Casting: Magic Dart
Confirm with . or Enter, or press ? or * to list all spells.
Aiming: Magic Dart
Press: ? - help, Shift-Dir - straight line, f/p - ooze
Aim: an ooze (lightly wounded)
You miscast Magic Dart.
Nothing appears to happen.
The ooze barely misses you.
You hit the ooze but do no damage.
The ooze is lightly wounded.
The ooze hits you.
Casting: Magic Dart
Confirm with . or Enter, or press ? or * to list all spells.
Aiming: Magic Dart
Press: ? - help, Shift-Dir - straight line, f/p - ooze
Aim: an ooze (lightly wounded)
The magic dart hits the ooze.
The ooze is moderately wounded.
The ooze hits you but does no damage.
Casting: Magic Dart
Confirm with . or Enter, or press ? or * to list all spells.
Aiming: Magic Dart
Press: ? - help, Shift-Dir - straight line, f/p - ooze
Aim: an ooze (moderately wounded)
The magic dart hits the ooze.
The ooze is moderately wounded.
The ooze hits you but does no damage.
Casting: Magic Dart
Confirm with . or Enter, or press ? or * to list all spells.
Aiming: Magic Dart
Press: ? - help, Shift-Dir - straight line, f/p - ooze
Aim: an ooze (moderately wounded)
The magic dart hits the ooze.
The ooze is heavily wounded.
The ooze completely misses you.
Casting: Magic Dart
Confirm with . or Enter, or press ? or * to list all spells.
Aiming: Magic Dart
Press: ? - help, Shift-Dir - straight line, f/p - ooze
Aim: an ooze (heavily wounded)
The magic dart hits the ooze.
The ooze is almost dead.
The ooze hits you but does no damage.
Casting: Magic Dart
Confirm with . or Enter, or press ? or * to list all spells.
Aiming: Magic Dart
Press: ? - help, Shift-Dir - straight line, f/p - ooze
Aim: an ooze (almost dead)
You miscast Magic Dart.
Nothing appears to happen.
The ooze hits you.
Casting: Magic Dart
Confirm with . or Enter, or press ? or * to list all spells.
Aiming: Magic Dart
Press: ? - help, Shift-Dir - straight line, f/p - ooze
Aim: an ooze (almost dead)
The magic dart hits the ooze.
You kill the ooze!
An adder and an ogre come into view.
Found a scroll labeled KIRUME CIQU.
Found a scroll labeled VODUIC JUBEST.
As you read the scroll labeled ASY CAKADAI, it crumbles to dust.
It is a scroll of identify.
n - a scroll of immolation
As you read the scroll of identify, it crumbles to dust.
m - a scroll of remove curse The ogre shouts!
Unknown command.
Wield which item (- for none, * to show all)? (? for menu, Esc to quit)
k - a +0 hunting sling (weapon)
Firing (i - inventory):
l - 37 stones (quivered)
Press: ? - help, Shift-Dir - straight line, f - ogre
Aim: an ogre, wielding a giant club You shoot a stone.
The stone closely misses the ogre.
The ogre hits you with a giant club.
Firing (i - inventory):
l - 36 stones (quivered)
Press: ? - help, Shift-Dir - straight line, f/p - ogre
Aim: an ogre, wielding a giant club You shoot a stone.
The stone hits the ogre.
The ogre is moderately wounded.
The ogre hits you with a giant club!!
Ouch! That really hurt!
* * * LOW HITPOINT WARNING * * *
Firing (i - inventory):
l - 35 stones (quivered)
Press: ? - help, Shift-Dir - straight line, f/p - ogre
Aim: an ogre, wielding a giant club (moderately wounded)
You shoot a stone.
The stone hits the ogre but does no damage.
The ogre is moderately wounded.
Firing (i - inventory):
l - 34 stones (quivered)
Press: ? - help, Shift-Dir - straight line, f/p - ogre
Aim: an ogre, wielding a giant club (moderately wounded)
You shoot a stone. The stone hits the ogre.
The ogre is heavily wounded.
The ogre hits you with a giant club!!
Ouch! That really hurt!
You die...

∆ ##.......?#
...$##....# #
#....#....#
#.#....#....
########.#....#...
#......#.....##?.∆
#.†....# #...##O#
#......###..###@###.#
#...<...............#
#......########.....#
#......# ###......
#......# ####..
######## .


You could see an ogre.

Vanquished Creatures
  Sigmund (D:2)
  An ooze (D:3)
  2 leopard geckos
  A giant cockroach (D:2)
  5 goblins (D:2)
  3 hobgoblins
  3 frilled lizards
  3 rats (D:2)
19 creatures vanquished.

Notes
Turn   | Place    | Note
-------+----------+-------------------------------------------
     0 | D:1      | tidbits the Gnoll Wanderer began the quest for the Orb.
     0 | D:1      | tidbits set off with: a book of Minor Magic, a potion of lignification, a potion of curing, a +0 robe, a +0 club, a +0 dagger, a ration
     0 | D:1      | Reached XP level 1. HP: 17/17 MP: 6/6
     2 | D:1      | Learned a level 1 spell: Magic Dart
   138 | D:2      | Reached skill level 2 in Charms
   157 | D:2      | Noticed Sigmund
   175 | D:3      | Reached XP level 2. HP: 23/23 MP: 1/7
   179 | D:3      | Learned a level 2 spell: Call Imp
   182 | D:3      | Learned a level 2 spell: Blink
   185 | D:3      | Learned a level 2 spell: Slow
   315 | D:2      | Killed Sigmund
   315 | D:2      | Reached skill level 3 in Fighting
   315 | D:2      | Reached skill level 1 in Long Blades
   315 | D:2      | Reached skill level 1 in Axes
   315 | D:2      | Reached skill level 1 in Maces & Flails
   315 | D:2      | Reached skill level 1 in Polearms
   315 | D:2      | Reached skill level 1 in Staves
   315 | D:2      | Reached skill level 1 in Slings
   315 | D:2      | Reached skill level 1 in Bows
   315 | D:2      | Reached skill level 1 in Crossbows
   315 | D:2      | Reached skill level 3 in Throwing
   315 | D:2      | Reached skill level 1 in Armour
   315 | D:2      | Reached skill level 1 in Dodging
   315 | D:2      | Reached skill level 1 in Shields
   315 | D:2      | Reached skill level 1 in Unarmed Combat
   315 | D:2      | Reached skill level 5 in Spellcasting
   315 | D:2      | Reached skill level 1 in Conjurations
   315 | D:2      | Reached skill level 1 in Hexes
   315 | D:2      | Reached skill level 1 in Summonings
   315 | D:2      | Reached skill level 1 in Necromancy
   315 | D:2      | Reached skill level 1 in Translocations
   315 | D:2      | Reached skill level 1 in Transmutations
   315 | D:2      | Reached skill level 1 in Fire Magic
   315 | D:2      | Reached skill level 1 in Ice Magic
   315 | D:2      | Reached skill level 1 in Air Magic
   315 | D:2      | Reached skill level 1 in Earth Magic
   315 | D:2      | Reached skill level 1 in Poison Magic
   315 | D:2      | Reached skill level 1 in Invocations
   315 | D:2      | Reached skill level 3 in Evocations
   315 | D:2      | Reached XP level 3. HP: 29/29 MP: 4/9
   315 | D:2      | Reached XP level 4. HP: 35/35 MP: 4/11
   315 | D:2      | Reached XP level 5. HP: 41/41 MP: 4/12
   412 | D:3      | Noticed an ogre
   420 | D:3      | Mangled by an ogre

Vault maps used:
D:1:      eino_arrival_water_cross
D:2:      serial_bayou_crossing, uniq_sigmund
D:3:      first_ration, bloody_makhleb

Skill      XL: |  1  2 |
---------------+-------+-----
Charms         | 2 |  2.4
Fighting       | 3 |  3.0
Long Blades    | 1 |  1.5
Axes           | 1 |  1.5
Maces & Flails | 1 |  1.5
Polearms       | 1 |  1.5
Staves         | 1 |  1.5
Slings         | 1 |  1.5
Bows           | 1 |  1.5
Crossbows      | 1 |  1.5
Throwing       | 3 |  3.0
Armour         | 1 |  1.5
Dodging        | 1 |  1.5
Shields        | 1 |  1.5
Unarmed Combat | 1 |  1.5
Spellcasting   | 5 |  5.2
Conjurations   | 1 |  1.2
Hexes          | 1 |  1.2
Summonings     | 1 |  1.2
Necromancy     | 1 |  1.2
Translocations | 1 |  1.2
Transmutations | 1 |  1.2
Fire Magic     | 1 |  1.2
Ice Magic      | 1 |  1.2
Air Magic      | 1 |  1.2
Earth Magic    | 1 |  1.2
Poison Magic   | 1 |  1.2
Invocations    | 1 |  1.7
Evocations     | 3 |  3.0
Short Blades   | |  4.8
Stealth        | |  4.4

Action                   |  1- 3 |  4- 6 || total
-------------------------+-------+-------++-------
Melee: Club              |    25 |       ||    25
       Unarmed           |     4 |    12 ||    16
       Bite              |     4 |       ||     4
       Dagger            |       |     1 ||     1
 Fire: Hunting sling     |       |     4 ||     4
 Cast: Magic Dart        |    24 |     8 ||    32
  Use: Potion            |     2 |       ||     2
       Scroll            |       |     2 ||     2
Armor: Robe              |    21 |     3 ||    24
       Skin              |     7 |    17 ||    24
Dodge: Dodged            |    18 |     5 ||    23

Table legend:
 A = Spawn XP
 B = Non-spawn XP
 C = Spawn XP percentage of total XP
 D = Spawn monster count
 E = Non-spawn monster count
 F = Spawn count percentage of total count
 G = Total turns spent on level
                    A         B        C        D         E        F      G
               +---------+---------+-------+---------+---------+-------+---------
         Total |       0 |     260 |   0.0 |       0 |      19 |   0.0 |   420
               +---------+---------+-------+---------+---------+-------+---------
           D:1 |       0 |       2 |   0.0 |       0 |       1 |   0.0 |   112
           D:2 |       0 |     247 |   0.0 |       0 |      15 |   0.0 |   254
           D:3 |       0 |      11 |   0.0 |       0 |       3 |   0.0 |    54
               +---------+---------+-------+---------+---------+-------+---------

Table legend:
 A = Turns spent in this place as a percentage of turns spent in the entire game.
 B = Non-inter-level travel turns spent in this place as a percentage of non-inter-level travel turns spent in the entire game.
 C = Inter-level travel turns spent in this place as a percentage of turns spent in this place.
 D = Turns resting spent in this place as a percentage of non-inter-level travel turns spent in this place.
 E = Turns spent auto-exploring this place as a percentage of non-inter-level travel turns spent in this place.
 F = Non-inter-level travel turns spent in this place divided by the number of levels of this place that you've seen.
                   A       B       C       D       E      F
               +-------+-------+-------+-------+-------+----------------------
         Total | 100.0 | 100.0 |   0.0 |   0.0 |   0.0 | 140.0
       Dungeon | 100.0 | 100.0 |   0.0 |   0.0 |   0.0 | 140.0
               +-------+-------+-------+-------+-------+----------------------

Table legend:
 A = Kills in this place as a percentage of kills in entire the game.
 B = Kills by you in this place as a percentage of kills by you in the entire game.
 C = Kills by friends in this place as a percentage of kills by friends in the entire game.
 D = Other kills in this place as a percentage of other kills in the entire game.
 E = Experience gained in this place as a percentage of experience gained in the entire game.
 F = Experience gained in this place divided by the number of levels of this place that you have seen.
                   A       B       C       D       E      F
               +-------+-------+-------+-------+-------+----------------------
         Total | 100.0 | 100.0 |   N/A |   N/A | 100.0 |  86.7
       Dungeon | 100.0 | 100.0 |   N/A |   N/A | 100.0 |  86.7
               +-------+-------+-------+-------+-------+----------------------

Vault maps used:
D:1:      eino_arrival_water_cross
D:2:      serial_bayou_crossing, uniq_sigmund
D:3:      first_ration, bloody_makhleb
